 Dungeon Crawl Stone Soup version 0.22.0-13-g43fe8f2 (webtiles) character file.

2292 Faca the Fighter (level 9, -1/86 HPs)
             Began as a Centaur Hunter on Aug 16, 2018.
             Was an Initiate of Okawaru.
             Splashed by Harold's acid (16 damage)
             ... on level 7 of the Dungeon.
             The game lasted 00:16:51 (7105 turns).

Faca the Fighter (Centaur Hunter)                   Turns: 7105, Time: 00:16:52

Health: -1/86      AC:  9    Str: 18    XL:     9   Next: 17%
Magic:  9/9        EV:  7    Int: 12    God:    Okawaru [......]
Gold:   455        SH:  0    Dex: 10    Spells: 8/8 levels left

rFire    + . .     SeeInvis .   j - +2 short sword (venom)
rCold    . . .     Gourm    .   (no shield)
rNeg     . . .     Faith    .   i - +0 scale mail
rPois    .         Spirit   .   t - +0 helmet
rElec    .         Reflect  .   (no cloak)
rCorr    .         Harm     .   v - +1 pair of gloves
MR       +....                  (no barding)
Stlth    ..........             o - amulet of the acrobat
HPRegen  0.24/turn              r - ring of protection from fire
MPRegen  0.11/turn              n - ring of the Raven {MR+ Int+2 Stlth+}

@: marked, very quick
A: large, hooves 3, deformed body, speed 2, tough skin 3
a: Renounce Religion


You were on level 7 of the Dungeon.
You worshipped Okawaru.
Okawaru was noncommittal.
You were not hungry.

You visited 2 branches of the dungeon, and saw 8 of its levels.

You collected 455 gold pieces.

Inventory:

Hand Weapons
 a - a +2 shortbow
 e - a +0 spear
 j - a +2 short sword of venom (weapon)
Missiles
 d - 192 arrows
Armour
 i - a +0 scale mail (worn)
 k - a +3 chain mail
 t - a +0 helmet (worn)
 v - a +1 pair of gloves (worn)
 B - the +3 hat of Pondering {ponderous, MR+ MP+10 Int+5}
   (You found it on level 6 of the Dungeon)

   It affects your intelligence (+5).
   It affects your resistance to hostile enchantments.
   It affects your magic capacity (+10).
Jewellery
 n - the ring of the Raven (right hand) {MR+ Int+2 Stlth+}
   (You found it on level 4 of the Dungeon)

   [ring of intelligence]

   It affects your intelligence (+2).
   It affects your resistance to hostile enchantments.
   It makes you more stealthy.
 o - an amulet of the acrobat (around neck)
 r - a ring of protection from fire (left hand)
Scrolls
 g - 3 scrolls of remove curse
 h - 2 scrolls of fog
 p - a scroll of enchant armour
 q - 3 scrolls of teleportation
 y - a scroll of fear
Potions
 b - 3 potions of flight
 c - 2 potions of haste
 l - 2 potions of might
 w - a potion of heal wounds
 x - a potion of brilliance
 A - a potion of ambrosia
Comestibles
 f - 11 rations


   Skills:
 + Level 10.5 Fighting
 + Level 10.0 Bows
 - Level 1.3 Dodging
 - Level 0.4 Stealth


You had 8 spell levels left.
You didn't know any spells.
Your spell library was empty.

Dungeon Overview and Level Annotations

Branches:
Dungeon (7/15)             Temple (1/1) D:7

Altars:
Ashenzari
Dithmenos
Fedhas
Nemelex Xobeh
Okawaru
Ru
Sif Muna
Uskayaw

Shops:
D:5 %

Annotations:
D:7 Harold


Innate Abilities, Weirdness & Mutations

You have hooves in place of feet.
Armour fits poorly on your strangely shaped body.
You cover ground very quickly.
You have extremely tough skin. (AC +3)


Message History

You barely miss the wyvern zombie.
The wyvern zombie is almost destroyed.
The wyvern zombie bites you but does no damage. x2
You hit the wyvern zombie but do no damage.
You kick the wyvern zombie.
The wyvern zombie is almost destroyed.
The wyvern zombie barely misses you.
Your scale mail prevents you from hitting the wyvern zombie.
The wyvern zombie is almost destroyed.
The wyvern zombie bites you. The wyvern zombie bites you!
You hit the wyvern zombie.
You destroy the wyvern zombie!
Okawaru accepts your kill.
Your Bows skill increases to level 10!
Harold points at you and mumbles some strange words.
A sentinel's mark forms upon you.
Harold zaps a wand.
The bolt of acid hits you!
* * * LOW HITPOINT WARNING * * *
You are splashed with acid!
The acid burns!
You die...

##### #####
##...#########...#
##............'.._#
........#####.#...#######
.........####.#####.....#
..................#####.#
.........#####...## #.#
#.......## ###@# #.#
##.....## #@# ####.#
##.).## ####J# #....#
####.########...J# #.####
.............@#### #.#
#.##)#######..# #.#
#.##$# #.(# #.# #.##.#
#.(# #.# ..#..# #(.# #.#


You could see Harold and 2 slime creatures.

Vanquished Creatures
  Eustachio (D:6)
  A sky beast (D:6)
  3 orc warriors
  An ogre (D:6)
  A phantom (D:7)
  4 centaurs
  2 bullfrogs (D:7)
  A wyvern zombie (D:7)
  2 scorpions
  A howler monkey (D:6)
  A crimson imp (D:5)
  2 bullfrog zombies
  A jelly (D:5)
  4 hounds
  An orc priest (D:7)
  7 orc wizards
  A bullfrog skeleton (D:7)
  2 iguanas (D:6)
  4 worker ants
  A hound skeleton (D:2)
  3 gnolls (D:7)
  13 adders
  2 shadow imps (D:5)
  An ooze (D:6)
  3 worms
  An adder skeleton (D:4)
  5 leopard geckos
  25 orcs
  A ball python (D:2)
  21 giant cockroaches
  8 goblins
  9 hobgoblins
  4 jackals
  2 quokkas
  7 bats
  6 frilled lizards
  A jackal skeleton (D:7)
  4 kobolds
  A leopard gecko zombie (D:7)
  2 quokka skeletons
  6 rats
166 creatures vanquished.

Notes
Turn   | Place    | Note
-------+----------+-------------------------------------------
     0 | D:1      | Faca the Centaur Hunter began the quest for the Orb.
     0 | D:1      | Reached XP level 1. HP: 17/17 MP: 1/1
   422 | D:1      | Reached XP level 2. HP: 22/25 MP: 2/2
   878 | D:2      | Reached XP level 3. HP: 28/33 MP: 3/3
   922 | D:2      | Found a sacrificial altar of Ru.
  1108 | D:2      | Found a sparkling altar of Nemelex Xobeh.
  1169 | D:2      | Reached XP level 4. HP: 34/41 MP: 4/4
  1651 | D:3      | Reached skill level 5 in Fighting
  1832 | D:3      | Reached XP level 5. HP: 44/48 MP: 5/5
  2323 | D:4      | Reached XP level 6. HP: 45/58 MP: 6/6
  2480 | D:4      | Found a blossoming altar of Fedhas.
  2482 | D:4      | Got a vibrating platinum ring
  2483 | D:4      | Identified the ring of the Raven {MR+ Int+2 Stlth+} (You found it on level 4 of the Dungeon)
  3233 | D:5      | Entered Level 5 of the Dungeon
  3243 | D:5      | Found a hide-covered altar of Uskayaw.
  3263 | D:5      | Reached XP level 7. HP: 59/67 MP: 7/7
  3850 | D:5      | Found Dewkysog's Food Emporium.
  4255 | D:6      | Found a shattered altar of Ashenzari.
  4258 | D:6      | Noticed Eustachio
  4303 | D:6      | Reached XP level 8. HP: 62/78 MP: 8/8
  4326 | D:6      | Killed Eustachio
  4608 | D:6      | Found the +3 hat of Pondering {ponderous, MR+ MP+10 Int+5}
  4659 | D:6      | Found a deep blue altar of Sif Muna.
  5466 | D:7      | Reached skill level 10 in Fighting
  5929 | D:7      | Noticed a slime creature
  5935 | D:7      | Noticed Harold
  6208 | D:7      | Reached XP level 9. HP: 55/85 MP: 9/9
  6386 | D:7      | Found a staircase to the Ecumenical Temple.
  6394 | Temple   | Entered the Ecumenical Temple
  6412 | Temple   | Became a worshipper of Warmaster Okawaru
  6725 | D:7      | Found a shadowy altar of Dithmenos.
  7104 | D:7      | Reached skill level 10 in Bows
  7105 | D:7      | Splashed by Harold's acid

Skill      XL: |  1  2  3  4  5  6  7  8  9 |
---------------+----------------------------+-----
Fighting       | 3 4 5 6 7 9 10 | 10.5
Bows           | 6 9 10 | 10.0
Dodging        | |  1.3
Stealth        | |  0.4

Action                   |  1- 3 |  4- 6 |  7- 9 || total
-------------------------+-------+-------+-------++-------
Melee: Short sword       |   105 |   167 |   231 ||   503
       Kick              |    16 |    42 |    80 ||   138
       Trident           |       |       |    93 ||    93
 Fire: Shortbow          |       |       |    14 ||    14
  Use: Scroll            |       |       |    16 ||    16
  Eat: Ration            |       |     2 |     2 ||     4
       Chunk             |       |     1 |     2 ||     3
Armor: Leather armour    |     5 |       |       ||     5
       Scale mail        |    42 |    92 |   181 ||   315
Dodge: Dodged            |    40 |    74 |   164 ||   278
